Map: Royal Blood LE

Players

EdZerk - Winner!

  • Race: Zerg Zerg
  • League: Diamond
  • Spawn Location: 7:00

BoneSaw

  • Race: Protoss Protoss
  • League: Silver
  • Spawn Location: 1:00

VOD

Have the link to the VOD?

Description

Time

  • Played on: May 8, 2023, 10:35 p.m.
  • Length: 4:03
Show
View Real Time Build Order
Export as new Build Order

EdZerk Zerg - Winner!

Build Orders: Hatch First 

Get SALT Encoding   

  12  0:00  Drone  
  13  0:13  Overlord  
  13  0:16  Drone  
  14  0:32  Drone x2  
  16  0:51  Hatchery, Drone  
  16  0:55  Drone  
  17  0:59  Extractor  
  17  1:00  Drone  
  17  1:15  Spawning Pool  
  16  1:20  Drone  
  16  1:24  Drone  
  18  1:29  Drone  
  19  1:41  Drone  
  20  1:50  Drone  
  21  2:03  Queen x2  
  21  2:05  Drone x2  
  27  2:12  Drone  
  27  2:14  Roach Warren  
  27  2:20  Drone  
  28  2:26  Overlord  
  28  2:29  Metabolic Boost  
  28  2:32  Overlord  
  28  2:39  Overlord  
  28  2:55  Roach x2  
  28  2:56  Roach x2  
  36  3:00  Overlord  
  36  3:12  Zergling x4  
  38  3:15  Zergling x4  
  38  3:16  Zergling x6  
  43  3:20  Zergling x2  
  43  3:21  Zergling x2  
  45  3:35  Zergling x6  
Show
View Real Time Build Order
Export as new Build Order

BoneSaw Protoss 

Build Orders: 1 Gate Expand 

Get SALT Encoding   

  12  0:00  Probe  
  13  0:14  Pylon  
  13  0:18  Probe  
  14  0:33  Gateway  
  14  0:37  Probe (Chrono Boost)  
  15  0:43  Assimilator  
  15  0:49  Probe (Chrono Boost)  
  16  0:57  Probe (Chrono Boost)  
  16  1:03  Probe  
  18  1:15  Probe  
  19  1:20  Cybernetics Core  
  19  1:27  Probe  
  20  1:44  Nexus  
  20  1:55  Assimilator  
  20  1:59  Pylon  
  20  2:03  Stalker (Chrono Boost)  
  22  2:09  Warp Gate  
  22  2:16  Probe  
  23  2:29  Robotics Facility  
  23  2:32  Probe  
  24  2:43  Twilight Council  
  24  2:44  Probe  
  25  2:56  Probe x2  
  27  3:08  Probe x2  
  27  3:10  Gateway  
  29  3:14  Gateway  
  29  3:23  Warp Prism (Chrono Boost)  
  31  3:36  Shield Battery  
  31  3:37  Probe  
  31  3:39  Probe  
Tags
 
Add a new tag
Caveats
  • Supply blocks, unpowered buildings, or Contaminate may cause inaccurate times.
  • Supply counts are checked every 10 seconds.